[ AOE2 MATCH · #506822505 ]
UnrankedArmenians vs Persians
Player's team · WIN
Rival team · LOSS
[ REPLAY ANALYSIS · EXTRACTED FROM THE RECORDED GAME ]
Feudal
8:57
Castle
—
Imperial
—
| APM avg | 73.9 |
| APM peak | 109 |
| eAPM avg | 23.0 |
| Villagers / military | 39 / 25 |
Focus
⚔️ 48.9% · 🌾 51.1%
Militia ×13 · Archer ×10 · Spearman ×2
Feudal
7:46
Castle
—
Imperial
—
| APM avg | 51.4 |
| APM peak | 125 |
| eAPM avg | 28.7 |
| Villagers / military | 45 / 15 |
Focus
⚔️ 52.5% · 🌾 47.5%
Skirmisher ×13 · Archer ×1 · Spearman ×1
Match map
Initial resources + every placement click. Lines = walls · curves = elevation contours. ◆ gold · ⬟ stone · ● berries · ✦ relic · ◌ wall gap
Your base· Open — unwalled flank
_[eC]_Gurke_'s base· Open — unwalled flank
Smoothed initial terrain · ◌ = detected wall gap · hover for details
Inputs per minute
— Pirate - - _[eC]_Gurke_
Build order — Pirate
109 actions detected in the replay
| 0:00 | Queue | Villager (Male) |
| 0:02 | Build | House |
| 0:02 | Queue | Villager (Male) |
| 0:03 | Build | House |
| 0:06 | Queue | Villager (Male) |
| 0:13 | Queue | Villager (Male) |
| 1:24 | Queue | Villager (Male) |
| 1:56 | Queue | Villager (Male) |
| 2:12 | Build | Mule Cart |
| 2:19 | Queue | Villager (Male) |
| 2:51 | Queue | Villager (Male) |
| 3:09 | Queue | Villager (Male) |
| 3:26 | Build | House |
| 3:45 | Queue | Villager (Male) |
| 3:45 | Queue | Villager (Male) |
| 3:51 | Build | House |
| 4:22 | Queue | Villager (Male) |
| 4:43 | Queue | Villager (Male) |
| 5:00 | Queue | Villager (Male) |
| 5:04 | Build | Barracks |
| 5:06 | Queue | Villager (Male) |
| 5:44 | Research | Loom |
| 6:22 | Build | Mule Cart |
| 6:47 | Research | Feudal Age |
| 7:07 | Queue | Militia |
| 7:29 | Queue | Militia |
| 7:44 | Queue | Militia |
| 7:56 | Build | House |
| 8:10 | Queue | Villager (Male) |
| 8:42 | Build | House |
| 8:57 | Age | Feudal Age |
| 8:57 | Research | Man-at-Arms (upgrade) |
| 8:57 | Research | Man-at-Arms (upgrade) |
| 8:59 | Build | Archery Range |
| 9:04 | Build | Mill |
| 9:11 | Queue | Villager (Male) |
| 9:45 | Queue | Villager (Male) |
| 10:00 | Build | Farm |
| 10:01 | Queue | Archer |
| 10:03 | Build | Farm |
| 10:20 | Build | Farm |
| 10:22 | Queue | Villager (Male) |
| 10:30 | Queue | Archer |
| 10:42 | Queue | Archer |
| 10:57 | Build | Farm |
| 11:00 | Queue | Villager (Male) |
| 11:12 | Build | Farm |
| 11:26 | Queue | Villager (Male) |
| 11:26 | Queue | Villager (Male) |
| 11:30 | Build | House |
| 11:31 | Build | House |
| 11:38 | Build | Farm |
| 11:49 | Queue | Villager (Male) |
| 12:00 | Build | Farm |
| 12:15 | Queue | Villager (Male) |
| 12:18 | Build | Farm |
| 12:20 | Queue | Villager (Male) |
| 12:24 | Build | Palisade Wall |
| 12:37 | Research | Long Swordsman (upgrade) |
| 12:41 | Build | Farm |
| 12:51 | Queue | Villager (Male) |
| 13:02 | Queue | Archer |
| 13:02 | Queue | Archer |
| 13:27 | Queue | Villager (Male) |
| 13:31 | Queue | Militia |
| 13:34 | Build | Farm |
| 13:45 | Queue | Villager (Male) |
| 13:47 | Build | Farm |
| 14:03 | Queue | Militia |
| 14:16 | Queue | Villager (Male) |
| 14:27 | Queue | Militia |
| 14:28 | Queue | Villager (Male) |
| 14:39 | Build | Blacksmith |
| 14:46 | Queue | Villager (Male) |
| 14:50 | Build | House |
| 14:56 | Queue | Spearman |
| 15:00 | Queue | Militia |
| 15:02 | Build | House |
| 15:03 | Queue | Villager (Male) |
| 15:07 | Queue | Archer |
| 15:21 | Research | Forging |
| 15:26 | Queue | Spearman |
| 15:28 | Research | Arson |
| 15:29 | Research | Scale Mail Armor |
| 15:31 | Queue | Villager (Male) |
| 15:33 | Build | Farm |
| 15:38 | Build | House |
| 15:41 | Queue | Militia |
| 15:42 | Queue | Archer |
| 15:55 | Queue | Villager (Male) |
| 16:04 | Build | Farm |
| 16:05 | Queue | Villager (Male) |
| 16:25 | Queue | Archer |
| 16:26 | Queue | Militia |
| 16:54 | Queue | Militia |
| 16:58 | Queue | Villager (Male) |
| 17:10 | Research | Fletching |
| 17:27 | Queue | Militia |
| 17:29 | Queue | Villager (Male) |
| 17:32 | Build | House |
| 17:33 | Build | Farm |
| 17:34 | Build | Farm |
| 17:47 | Queue | Archer |
| 17:49 | Queue | Villager (Male) |
| 18:16 | Queue | Militia |
| 18:26 | Queue | Archer |
| 18:27 | Queue | Militia |
| 18:43 | Queue | Villager (Male) |
| 18:46 | Build | Market |
Build order — _[eC]_Gurke_
115 actions detected in the replay
| 0:01 | Queue | Villager (Male) |
| 0:01 | Build | House |
| 0:03 | Build | House |
| 0:06 | Queue | Villager (Male) |
| 0:06 | Queue | Villager (Male) |
| 0:06 | Queue | Villager (Male) |
| 0:08 | Queue | Villager (Male) |
| 1:25 | Queue | Villager (Male) |
| 1:51 | Queue | Villager (Male) |
| 2:19 | Queue | Villager (Male) |
| 2:29 | Build | Lumber Camp |
| 2:58 | Queue | Villager (Male) |
| 3:29 | Queue | Villager (Male) |
| 3:32 | Build | House |
| 3:53 | Queue | Villager (Male) |
| 3:54 | Queue | Villager (Male) |
| 4:02 | Build | House |
| 4:16 | Queue | Villager (Male) |
| 4:35 | Build | Mill |
| 5:02 | Research | Loom |
| 5:42 | Research | Feudal Age |
| 6:57 | Build | Barracks |
| 7:07 | Queue | Villager (Male) |
| 7:46 | Age | Feudal Age |
| 7:54 | Build | Archery Range |
| 8:02 | Research | Double-Bit Axe |
| 8:03 | Queue | Villager (Male) |
| 8:20 | Build | Palisade Wall |
| 8:23 | Build | House |
| 8:33 | Build | Palisade Wall |
| 8:33 | Queue | Villager (Male) |
| 8:47 | Queue | Villager (Male) |
| 8:49 | Build | House |
| 8:50 | Queue | Skirmisher |
| 9:12 | Build | House |
| 9:13 | Queue | Villager (Male) |
| 9:18 | Queue | Skirmisher |
| 9:20 | Build | House |
| 9:29 | Queue | Villager (Male) |
| 9:42 | Build | House |
| 9:44 | Queue | Skirmisher |
| 10:01 | Research | Horse Collar |
| 10:02 | Queue | Villager (Male) |
| 10:07 | Build | Palisade Wall |
| 10:08 | Build | Palisade Wall |
| 10:09 | Queue | Spearman |
| 10:10 | Build | Palisade Wall |
| 10:17 | Queue | Villager (Male) |
| 10:25 | Build | Farm |
| 10:33 | Queue | Villager (Male) |
| 10:36 | Queue | Skirmisher |
| 11:01 | Build | Farm |
| 11:03 | Build | Farm |
| 11:07 | Queue | Villager (Male) |
| 11:15 | Queue | Villager (Male) |
| 11:26 | Build | Farm |
| 11:27 | Queue | Villager (Male) |
| 11:32 | Queue | Skirmisher |
| 11:37 | Build | Farm |
| 11:48 | Build | Farm |
| 12:07 | Queue | Villager (Male) |
| 12:12 | Build | Farm |
| 12:14 | Build | Farm |
| 12:27 | Build | Farm |
| 12:28 | Queue | Villager (Male) |
| 12:32 | Build | Farm |
| 12:57 | Queue | Villager (Male) |
| 13:08 | Queue | Skirmisher |
| 13:13 | Queue | Villager (Male) |
| 13:29 | Build | Farm |
| 13:30 | Build | Farm |
| 13:32 | Build | Farm |
| 13:35 | Queue | Skirmisher |
| 13:42 | Build | Farm |
| 13:43 | Build | Farm |
| 13:44 | Queue | Skirmisher |
| 13:53 | Queue | Villager (Male) |
| 14:17 | Build | Blacksmith |
| 14:23 | Queue | Villager (Male) |
| 14:27 | Queue | Skirmisher |
| 14:47 | Build | Farm |
| 14:48 | Queue | Villager (Male) |
| 14:50 | Build | Farm |
| 14:54 | Research | Fletching |
| 14:55 | Research | Padded Archer Armor |
| 15:13 | Build | Farm |
| 15:14 | Queue | Villager (Male) |
| 15:20 | Queue | Skirmisher |
| 15:20 | Queue | Skirmisher |
| 15:33 | Queue | Villager (Male) |
| 15:35 | Build | Mining Camp |
| 15:44 | Queue | Skirmisher |
| 15:57 | Build | House |
| 15:59 | Queue | Villager (Male) |
| 16:02 | Build | House |
| 16:03 | Build | House |
| 16:15 | Queue | Villager (Male) |
| 16:26 | Queue | Skirmisher |
| 16:28 | Build | Palisade Wall |
| 16:35 | Queue | Villager (Male) |
| 16:38 | Build | House |
| 16:40 | Build | House |
| 16:48 | Queue | Villager (Male) |
| 16:54 | Queue | Villager (Male) |
| 16:56 | Build | House |
| 16:58 | Build | House |
| 17:01 | Build | House |
| 17:17 | Queue | Villager (Male) |
| 17:20 | Queue | Villager (Male) |
| 17:31 | Queue | Villager (Male) |
| 17:40 | Queue | Archer |
| 17:50 | Queue | Villager (Male) |
| 17:53 | Queue | Villager (Male) |
| 17:55 | Queue | Villager (Male) |
| 18:02 | Build | Palisade Wall |
Match timeline
| 5:04 | Pirate · first_building Barracks |
| 6:57 | _[eC]_Gurke_ · first_building Barracks |
| 7:46 | _[eC]_Gurke_ · age_up feudal |
| 7:54 | _[eC]_Gurke_ · first_building Archery Range |
| 8:20 | _[eC]_Gurke_ · wall_segment Palisade Wall x8 |
| 8:33 | _[eC]_Gurke_ · wall_segment Palisade Wall x5 |
| 8:57 | Pirate · age_up feudal |
| 8:59 | Pirate · first_building Archery Range |
| 10:07 | _[eC]_Gurke_ · wall_segment Palisade Wall x1 |
| 10:08 | _[eC]_Gurke_ · wall_segment Palisade Wall x1 |
| 10:10 | _[eC]_Gurke_ · wall_segment Palisade Wall x1 |
| 12:24 | Pirate · wall_segment Palisade Wall x6 |
| 16:28 | _[eC]_Gurke_ · wall_segment Palisade Wall x1 |
| 18:02 | _[eC]_Gurke_ · wall_segment Palisade Wall x1 |
| 18:50 | _[eC]_Gurke_ · resign |
[ AI ANALYSIS · 1 CREDIT ]
What really happened in this match?
Wolo.gg analyzes every decision: build order, eco, micro, common mistakes by bracket. Personalized analysis on WhatsApp or Discord in 30 seconds.
Civ guide
Armenians
Perfil
Jugador #1314256